 Dungeon Crawl Stone Soup version 0.17.1-3-g152610e (webtiles) character file.

658 ImaNewbie the Cleaver (level 7, -1/52 HPs)
             Began as a Formicid Fighter on Feb 28, 2016.
             Was an Initiate of Qazlal.
             Slain by a centaur (8 damage)
             ... on level 5 of the Dungeon.
             The game lasted 00:09:30 (3661 turns).

ImaNewbie the Cleaver (Formicid Fighter)            Turns: 3661, Time: 00:09:30

Health: -1/52      AC:  6    Str: 22    XL:     7   Next: 85%
Magic:  7/7        EV:  8    Int:  8    God:    Qazlal [......]
Gold:   132        SH:  9    Dex: 10    Spells: 2 memorised, 0 levels left

rFire  . . .     SeeInvis +     a - +0 war axe
rCold  . . .     Clarity  .     b - +0 scale mail
rNeg   . . .     SustAt   .     c - +0 shield
rPois  +         Gourm    .     (helmet unavailable)
rElec  .         Spirit   .     (no cloak)
rCorr  .         Warding  .     (no gloves)
rMut   .         Stasis   +     (no boots)
MR     .....                    (no amulet)
Stlth  ..........               (no ring)
                                k - ring of poison resistance

@: not resistant to hostile enchantments, extremely unstealthy
A: permanent stasis, dig shafts and tunnels, four strong arms, antennae 3
a: Dig, Shaft Self, Renounce Religion


You were on level 5 of the Dungeon.
You worshipped Qazlal.
Qazlal was noncommittal.
You were not hungry.

You visited 2 branches of the dungeon, and saw 6 of its levels.

You collected 132 gold pieces.

Inventory:

Hand Weapons
 a - a +0 war axe (weapon)
 y - a +0 battleaxe
Armour
 b - a +0 scale mail (worn)
 c - a +0 shield (worn)
Jewellery
 k - a ring of poison resistance (left hand)
Wands
 A - a wand of disintegration (8)
Scrolls
 f - 2 scrolls of remove curse {unknown}
 g - 3 scrolls of teleportation {unknown}
 i - a scroll of fear {unknown}
 j - a scroll of blinking {unknown}
 l - 5 scrolls of identify {unknown}
Potions
 d - a potion of might
 m - a potion of curing {unknown}
 n - 2 potions of mutation {unknown}
 p - 3 potions of brilliance {unknown}
 q - 2 potions of lignification {unknown}
 r - a potion of cure mutation {unknown}
 s - a potion of agility {unknown}
 t - a potion of cancellation {unknown}
 u - a potion of flight {unknown}
 v - 2 potions of poison {unknown}
 w - a potion of degeneration {unknown}
 x - a potion of beneficial mutation {unknown}
Comestibles
 e - 5 bread rations
 h - 3 beef jerkies
 o - a meat ration


   Skills:
 - Level 3.2 Fighting
 + Level 8.2 Axes
 - Level 3.2 Armour
 - Level 3.6 Shields


You couldn't memorise any spells.
You knew the following spells:

 Your Spells              Type           Power        Failure   Level  Hunger
a - Swiftness             Chrm/Air       #.......     100%        2    ###....
b - Passage of Golubria   Tloc           N/A          100%        4    #####..


Dungeon Overview and Level Annotations

Branches:
Dungeon (5/15)             Temple (1/1) D:5

Altars:
Ashenzari
Elyvilon
Fedhas
Qazlal
Sif Muna
Vehumet
Xom
The Shining One

Annotations:
D:5 1 runed door


Innate Abilities, Weirdness & Mutations

You are under a permanent stasis effect.
You can dig through walls and to a lower floor.
Your four strong arms can wield two-handed weapons with a shield.
You have a pair of large antennae on your head (SInv).


Message History

You slash the orc!
You kill the orc!
Qazlal accepts your kill.
You barely miss the iguana. You slash the centaur!
The centaur is heavily wounded.
The centaur shoots an arrow.
The arrow hits you! The centaur hits you. You block the iguana's attack.
The centaur barely misses you.
The centaur shoots an arrow.
The arrow hits you.
You slash the centaur!
The centaur is almost dead.
You hit the iguana but do no damage. You block the iguana's attack.
You block the centaur's attack.
The centaur shoots an arrow.
The arrow hits you but does no damage. The iguana bites you!
* * * LOW HITPOINT WARNING * * *
All of the chunks of flesh in your inventory have rotted away.
The centaur hits you.
* * * LOW HITPOINT WARNING * * *
The centaur unwields an uncursed shortbow.
You block the centaur's attack. The centaur hits you!
You die...

#.........>..c .........
#............. .....<...
##............# #.#####..
##.............# #.#####.#
#..............#+#........
#.....((.....c....######.#
#.....(((.##... ....####.#
#%..####.c#########.......
#.. ##l@#............... #
#.c((#......#.....##
#.............#...##
#....####.........##
##..####............
#................##
#####.#####.....#...##
#..............##...##
####..#######.# ######


You could see 2 centaurs and an iguana.

Vanquished Creatures
  The ghost of Tynka the Conjurer, an amateur DECj (D:4)
  2 ogres (D:4)
  Blork the orc (D:4)
  The ghost of urm the Shooter, a weakling HEHu (D:3)
  2 hounds (D:4)
  An orc priest (D:3)
  A worker ant (D:5)
  A hound skeleton (D:4)
  2 worker ant zombies
  6 adders
  An ooze (D:3)
  An adder skeleton (D:5)
  2 worms (D:3)
  3 giant geckos
  11 orcs
  2 giant cockroaches (D:2)
  4 hobgoblins
  9 kobolds
  8 bats
  3 giant newts
  5 goblins
  3 jackals
  A jackal skeleton (D:4)
  A quokka (D:3)
  2 quokka skeletons (D:5)
  6 rats
80 creatures vanquished.

Notes
Turn   | Place    | Note
--------------------------------------------------------------
     0 | D:1      | ImaNewbie the Formicid Fighter began the quest for the Orb.
     0 | D:1      | Reached XP level 1. HP: 18/18 MP: 1/1
    22 | D:1      | Reached XP level 2. HP: 22/24 MP: 2/2
   423 | D:2      | Reached XP level 3. HP: 8/29 MP: 3/3
   899 | D:2      | Reached skill level 4 in Axes
   899 | D:2      | Reached XP level 4. HP: 28/35 MP: 4/4
   951 | D:2      | Found a radiant altar of Vehumet.
   951 | D:2      | Found a deep blue altar of Sif Muna.
   952 | D:2      | Found a shattered altar of Ashenzari.
  1034 | D:2      | Found a shimmering altar of Xom.
  1235 | D:3      | Noticed urm's ghost (weakling HEHu)
  1247 | D:3      | Killed urm's ghost
  1596 | D:3      | Reached XP level 5. HP: 38/41 MP: 5/5
  1629 | D:3      | Reached skill level 5 in Axes
  2200 | D:4      | Noticed Tynka's ghost (amateur DECj)
  2210 | D:4      | Killed Tynka's ghost
  2210 | D:4      | Reached skill level 6 in Axes
  2210 | D:4      | Reached XP level 6. HP: 27/47 MP: 6/6
  2477 | D:4      | Noticed an ogre
  2507 | D:4      | Killed an ogre
  2507 | D:4      | Reached skill level 7 in Axes
  2507 | D:4      | Reached XP level 7. HP: 9/52 MP: 7/7
  2810 | D:4      | Noticed Blork the orc
  2818 | D:4      | Killed Blork the orc
  2973 | D:4      | Learned a level 2 spell: Swiftness
  2978 | D:4      | Learned a level 4 spell: Passage of Golubria
  3252 | D:4      | Reached skill level 8 in Axes
  3257 | D:5      | Entered Level 5 of the Dungeon
  3281 | D:5      | Found a staircase to the Ecumenical Temple.
  3287 | Temple   | Entered the Ecumenical Temple
  3325 | Temple   | Became a worshipper of Qazlal Stormbringer
  3478 | D:5      | Found a glowing golden altar of the Shining One.
  3478 | D:5      | Found a runed door.
  3478 | D:5      | Noticed an angel
  3661 | D:5      | Slain by a centaur

Action                   |  1- 3 |  4- 6 |  7- 9 || total
-------------------------+-------+-------+-------++-------
Melee: War axe           |    90 |   101 |    80 ||   271
  Use: Potion            |       |       |     1 ||     1
  Eat: Chunk             |       |     5 |     4 ||     9
